Map: Acid Plant LE

Players

HellraiseR - Winner!

  • Race: Protoss Protoss
  • League: Master
  • Spawn Location: 5:00

Serral

  • Race: Zerg Zerg
  • League: Master
  • Spawn Location: 11:00

Event: HomeStory Cup XVIII

VOD

Have the link to the VOD?

Description

Time

  • Played on: Nov. 23, 2018, 10:42 a.m.
  • Length: 6:45

All games in this series

Show
View Real Time Build Order
Export as new Build Order

HellraiseR Protoss - Winner!

Build Orders:  

Get SALT Encoding   

  12  0:00  Probe  
  13  0:12  Probe  
  14  0:17  Pylon  
  14  0:21  Probe  
  15  0:31  Probe  
  16  0:38  Forge  
  16  0:41  Probe  
  17  0:56  Pylon  
  17  1:04  Probe  
  18  1:14  Photon Cannon  
  18  1:15  Gateway  
  18  1:16  Probe  
  19  1:21  Assimilator  
  19  1:27  Assimilator  
  19  1:29  Probe  
  20  1:34  Assimilator  
  20  1:41  Probe  
  21  1:47  Photon Cannon  
  21  1:53  Probe  
  22  2:04  Cybernetics Core  
  22  2:07  Zealot  
  24  2:10  Pylon  
  24  2:20  Probe  
  25  2:29  Photon Cannon  
  25  2:31  Stalker  
  25  2:41  Robotics Facility  
  27  2:47  Shield Battery  
  27  2:57  Warp Gate  
  27  3:01  Shield Battery, Stalker  
  29  3:10  Probe  
  30  3:15  Shield Battery  
  30  3:18  Immortal  
  34  3:55  Gateway, Observer  
  34  3:56  Gateway  
  35  4:05  Gateway  
  35  4:08  Shield Battery  
  35  4:12  Immortal  
  39  4:40  Pylon  
  39  4:54  Warp Prism  
  41  5:04  Stalker x3  
  47  5:11  Pylon  
  47  5:24  Immortal  
  45  5:32  Sentry x2  
  53  5:36  Stalker  
  53  5:46  Stalker  
  55  5:58  Pylon  
  55  6:10  Stalker x2  
  55  6:17  Stalker  
  57  6:30  Stalker  
Show
View Real Time Build Order
Export as new Build Order

Serral Zerg 

Build Orders: Hatch First 

Get SALT Encoding   

  12  0:00  Drone  
  13  0:12  Overlord  
  13  0:17  Drone  
  14  0:31  Drone x2  
  16  0:48  Hatchery  
  15  0:51  Drone  
  15  0:55  Drone  
  17  0:59  Drone  
  18  1:08  Extractor  
  17  1:13  Spawning Pool  
  17  1:17  Drone  
  17  1:20  Drone  
  19  1:28  Drone  
  20  1:41  Drone  
  21  1:49  Hatchery  
  21  1:53  Overlord  
  20  2:00  Queen  
  22  2:08  Metabolic Boost  
  22  2:12  Drone  
  22  2:13  Spine Crawler  
  22  2:14  Zergling x2  
  23  2:22  Drone  
  24  2:36  Queen, Drone  
  27  2:54  Zergling x4  
  29  3:00  Spine Crawler x2  
  29  3:02  Lair  
  29  3:04  Drone  
  28  3:12  Drone  
  29  3:16  Queen  
  31  3:23  Overlord  
  31  3:29  Drone  
  31  3:30  Zergling x2  
  31  3:33  Drone  
  34  3:35  Extractor  
  33  3:42  Zergling x4  
  33  3:44  Drone  
  36  3:53  Queen  
  38  4:02  Nydus Network  
  37  4:07  Overlord  
  37  4:14  Overlord  
  37  4:20  Overseer  
  37  4:27  Zergling x6  
  40  4:32  Queen  
  40  4:37  Drone  
  40  4:38  Drone  
  44  4:40  Nydus Canal  
  44  4:43  Zergling x2  
  45  4:49  Overlord  
  45  4:56  Zergling x4  
  47  5:00  Zergling x2  
  47  5:01  Zergling x2  
  47  5:03  Zergling x2  
  47  5:05  Zergling x2  
  51  5:10  Queen  
  52  5:21  Zergling x4  
  52  5:23  Nydus Canal  
  52  5:25  Zergling x6  
  56  5:32  Zergling x2  
  56  5:46  Zergling x10  
  59  5:56  Zergling x2  
  60  6:03  Queen  
  59  6:04  Queen  
  59  6:09  Nydus Canal  
  59  6:10  Overlord  
  57  6:12  Zergling x4  
  57  6:14  Zergling x2  
  60  6:22  Zergling x2  
  55  6:26  Zergling x2  
  55  6:28  Zergling x2  
Tags
 
Add a new tag
Caveats
  • Supply blocks, unpowered buildings, or Contaminate may cause inaccurate times.
  • Supply counts are checked every 10 seconds.